 Seeded DCSS version 0.28.0-56-g4927b6849a (webtiles) character file.

Game seed: 10077074884737061911 (custom seed)

68 tkbsonic5 the Vexing (level 4, 0/25 HPs)
             Began as a Deep Elf Enchanter on Jan 26, 2023.
             Slain by an iguana (6 damage)
             ... on level 3 of the Dungeon.
             The game lasted 00:08:01 (1868 turns).

tkbsonic5 the Vexing (Deep Elf Enchanter)           Turns: 1868, Time: 00:08:02

Health: 0/25       AC: 33    Str:  7    XL:     4   Next: 1%
Magic:  10/10      EV: -9    Int: 22    God:
Gold:   822        SH:  0    Dex: 15    Spells: 9/9 levels left

rFire   + . .      SeeInvis .   g - +0 short sword (protect)
rCold   . . .      Faith    .   (no shield)
rNeg    . . .      Spirit   .   h - +10 crystal plate armour of the Tired Demons {+Blink Slay+3}
rPois   .          Reflect  .   (no helmet)
rElec   +          Harm     .   (no cloak)
rCorr   +          Rampage  .   n - +0 pair of gloves
Will    .....                   (no boots)
Stlth   ..........              (no amulet)
HPRegen 0.08/turn               f - ring of Equilibrium {+Blink rElec rF+ rCorr Int+2}
MPRegen 0.12/turn               o - ring of flight

@: brilliant, under a protective aura, attractive, flying
A: no striking features
a: Evoke Blink


You were on level 3 of the Dungeon.
You visited 1 branch of the dungeon, and saw 3 of its levels.

You collected 822 gold pieces.

Inventory:

Hand Weapons
 a - a +1 dagger
 g - a +0 short sword of protection (weapon)
 k - a +0 dagger of venom
Missiles
 j - 11 arrows
Armour
 b - a +0 robe
 c - a +0 leather armour
 d - a +0 ring mail
 h - the +10 crystal plate armour of the Tired Demons (worn) {+Blink Slay+3}
   (You acquired it on level 1 of the Dungeon)

   Slay:      It affects your accuracy & damage with ranged weapons and melee
   (+3).
   +Blink:    It lets you blink.
 m - the +7 Kryia's mail coat {PotionHeal*2 rC+}
   (You found it on level 2 of the Dungeon)

   Potions are twice as effective at healing its wearer.
   rC:        It protects you from cold.
 n - a +0 pair of gloves (worn)
Jewellery
 f - the ring of Equilibrium (left hand) {+Blink rElec rF+ rCorr Int+2}
   (You acquired it on level 1 of the Dungeon)

   [ring of resist corrosion]

   Int:       It affects your intelligence (+2).
   rF:        It protects you from fire.
   rElec:     It insulates you from electricity.
   +Blink:    It lets you blink.
   rCorr:     It protects you from acid and corrosion.
 o - a ring of flight (right hand)
Potions
 e - a potion of flight
 p - a potion of ambrosia {unknown}
 q - a potion of heal wounds {unknown}
 r - a potion of cancellation {unknown}


   Skills:
 + Level 1.0 Fighting
 * Level 2.3 Short Blades
 * Level 1.7 Armour
 - Level 2.4 Dodging
 - Level 3.7 Stealth
 - Level 3.0 Spellcasting
 - Level 4.1 Hexes


You had 9 spell levels left.
You didn't know any spells.
Your spell library contained the following spells:

 Spells                   Type           Power      Damage    Failure   Level
 Ensorcelled Hibernation  Hex/Ice        36%        N/A       100%        2
 Confusing Touch          Hex            32%        N/A       100%        3
 Dazzling Flash           Conj/Hex       36%        N/A       100%        3
 Tukima's Dance           Hex            32%        N/A       100%        3
 Iskenderun's Mystic Bla  Conj/Tloc      5%         2d3       100%        4
 Starburst                Conj/Fire      2%         6d3       100%        6


Dungeon Overview and Level Annotations

Branches:
Dungeon (3/15)

Altars:
Xom


Message History

The dart slug launches a dart at you.
The slug dart hits you but does no damage.
The dart slug bites you but does no damage.
You hit the dart slug.
Your weapon exudes an aura of protection.
The dart slug is severely wounded.
You hit the dart slug.
You kill the dart slug!
You have reached level 4!
You feel clever.
You hit the iguana.
The iguana is lightly wounded.
The iguana bites you!
You hit the iguana.
The iguana is heavily wounded.
The iguana bites you.
You are too injured to fight recklessly!
You are too injured to fight recklessly!
You are too injured to fight recklessly!
You are too injured to fight recklessly!
You closely miss the iguana.
The iguana is heavily wounded.
The iguana bites you but does no damage.
It was a potion of flight.
You feel more buoyant.
The iguana bites you but does no damage.
You hit the iguana.
The iguana is heavily wounded.
The iguana bites you but does no damage.
It was a potion of brilliance.
You feel clever all of a sudden.
The iguana bites you but does no damage.
You hit the iguana.
The iguana is severely wounded.
The iguana bites you.
* * * LOW HITPOINT WARNING * * *
It was a potion of attraction.
You feel attractive to monsters. The iguana bites you.
You die...

...... ##+ ...... ...###
# ......+#+##..... ..
..........#.#... ...
..........+....######...
..........#.#..#<.......
..........#.#...........
#....l@..'.#.###.......
#........#.#.# #..#....
######..##.#.###.....#+
#....>............
#+##..........####
+.....###### #.....#
#.....# #######


You could see an iguana.

Vanquished Creatures
  An adder (D:2)
  2 dart slugs
  4 bats
  8 endoplasms
  3 giant cockroaches (D:1)
  5 goblins
  5 hobgoblins
  3 jackals (D:1)
  A quokka (D:2)
  3 ball pythons
  3 frilled lizards (D:1)
  6 kobolds
  4 rats (D:1)
48 creatures vanquished.

Notes
Turn   | Place    | Note
-------+----------+-------------------------------------------
     0 | D:1      | tkbsonic5 the Deep Elf Enchanter began the quest for the
                  | Orb.
     0 | D:1      | Reached XP level 1. HP: 10/10 MP: 6/6
   233 | D:1      | Identified 3 scrolls of acquirement
   233 | D:1      | Acquired the ring of Equilibrium {+Blink rElec rF+ rCorr
                  | Int+2}
   235 | D:1      | Acquired the +10 crystal plate armour of the Tired Demons
                  | {+Blink Slay+3}
   237 | D:1      | Acquired a +0 short sword of protection
   451 | D:1      | Reached XP level 2. HP: 12/15 MP: 8/8
   666 | D:1      | Acquired 753 gold pieces
   674 | D:1      | Reached skill level 1 in Armour
   918 | D:1      | Reached XP level 3. HP: 17/20 MP: 9/9
  1254 | D:2      | Found a shimmering altar of Xom.
  1383 | D:2      | Found the +7 Kryia's mail coat {PotionHeal*2 rC+}
  1646 | D:2      | Reached skill level 1 in Fighting
  1725 | D:2      | Found a faded altar of an unknown god.
  1861 | D:3      | Reached XP level 4. HP: 25/25 MP: 10/10
  1868 | D:3      | Slain by an iguana

Illustrated notes

Levels and vault maps discovered:
D:1:      erik_arrival_blinker_ship, layout_basic
D:2:      layout_basic, basic_altar, basic_ecumenical_altar
D:3:      layout_basic, mainiacjoe_overflow_tiny_flanked

Skill      XL: |  1  2  3 |
---------------+----------+-----
Armour         | 1 |  1.7
Short Blades   | 2 |  2.3
Fighting       | 1 |  1.0
Dodging        | |  2.4
Stealth        | |  3.7
Spellcasting   | |  3.0
Hexes          | |  4.1

Action                   |  1- 3 |  4- 6 || total
-------------------------+-------+-------++-------
Melee: Short sword       |   121 |     5 ||   126
       Dagger            |    10 |       ||    10
       Punch             |     1 |       ||     1
  Use: Scroll            |     5 |       ||     5
       Potion            |     1 |     3 ||     4
Armor: Crystal plate arm |   128 |     4 ||   132
       Robe              |     4 |       ||     4
Dodge: Dodged            |    13 |       ||    13
